 Dungeon Crawl Stone Soup version 0.21.1-1-g345015f (webtiles) character file.

133 Harpaggios the Changer (level 5, -2/38 HPs)
             Began as a Merfolk Transmuter on Apr 4, 2018.
             Was an Initiate of Qazlal.
             Killed from afar by an orc wizard (7 damage)
             ... with a magic dart
             ... on level 3 of the Dungeon.
             The game lasted 00:17:18 (3468 turns).

Harpaggios the Changer (Merfolk Transmuter)         Turns: 3468, Time: 00:17:19

Health: -2/38      AC:  2    Str: 10    XL:     5   Next: 16%
Magic:  5/8        EV: 14    Int: 14    God:    Qazlal [......]
Gold:   94         SH:  0    Dex: 14    Spells: 5/8 levels left

rFire    . . .     SeeInvis .     - Unarmed
rCold    + . .     Gourm    .   (no shield)
rNeg     . . .     Faith    .   b - +0 robe
rPois    .         Spirit   .   (no helmet)
rElec    .         Reflect  .   (no cloak)
rCorr    .         Harm     .   (no gloves)
MR       .....                  (no boots)
Stlth    +.........             (no amulet)
HPRegen  0.12/turn              n - ring of protection from cold
MPRegen  0.11/turn              (no ring)

@: slowed, very slow
A: change form in water, swift swim, stealthy swim
a: Renounce Religion


You were on level 3 of the Dungeon.
You worshipped Qazlal.
Qazlal was noncommittal.
You were not hungry.

You visited 1 branch of the dungeon, and saw 3 of its levels.

You collected 94 gold pieces.

Inventory:

Missiles
 a - 10 arrows
 g - 47 stones (quivered)
Armour
 b - a +0 robe (worn)
Jewellery
 n - a ring of protection from cold (left hand)
Scrolls
 e - a scroll of identify {unknown}
 f - a scroll of fog {unknown}
 h - a scroll of noise {unknown}
 k - 3 scrolls of teleportation {unknown}
 p - a scroll of enchant weapon {unknown}
 r - a scroll of enchant armour {unknown}
Potions
 i - a potion of berserk rage {unknown}
 j - a potion of curing {unknown}
 l - a potion of mutation {unknown}
 m - a potion of invisibility {unknown}
 o - a potion of heal wounds {unknown}
 s - a potion of degeneration {unknown}
Books
 c - a book of Changes

   Spells                             Type                      Level
   a - Beastly Appendage              Transmutation                1
   b - Sticks to Snakes               Transmutation                2
   c - Spider Form                    Transmutation/Poison         3
   d - Ice Form                       Ice/Transmutation            4
   e - Blade Hands                    Transmutation                5
Comestibles
 d - 9 rations
 q - 5 chunks of flesh


   Skills:
 + Level 2.2 Fighting
 * Level 4.4 Dodging
 + Level 3.9 Unarmed Combat
 - Level 2.0 Spellcasting
 * Level 4.5 Transmutations


You had 5 spell levels left.
You knew the following spells:

 Your Spells              Type           Power        Failure   Level  Hunger
a - Beastly Appendage     Tmut           ##....       3%          1    ##.....
b - Sticks to Snakes      Tmut           ##......     5%          2    ###....


Dungeon Overview and Level Annotations

Branches:
Dungeon (3/15)

Altars:
Cheibriados
Elyvilon
Hepliaklqana
Qazlal
Ru
Vehumet
Xom
Yredelemnul


Message History

The magic dart hits you!
* * * LOW HITPOINT WARNING * * *
Your ball python bites the orc but does no damage.
Your ball python constricts the orc.
The orc wizard hits you with an enchanted dagger.
* * * LOW HITPOINT WARNING * * *
The orc hits your ball python.
Your ball python dies!
The orc wizard casts a spell.
The orc wizard blinks!
The orc wizard mumbles some strange words.
The orc wizard blinks!
Some of the chunks of flesh in your inventory have rotted away.
The orc wizard casts a spell.
The orc wizard blinks!
The orc wizard casts a spell.
The orc wizard blinks!
The orc wizard casts a spell at you. The magic dart hits you!
You die...

.......................##.#
#.##......#.#.###.#....##.#
#.##.######.#.# #.#....##.#
#.##.# ###.#.# #.#.......#
#.##.####...#.# #.#.....####
######.##.##...#.#.###.####......
............._...................
######.##o.......#.###.####.#)###
#.##.....o.@......# #.#....
#o.#._..8o._....### #.#...#
##.#......o.....# #.#...#
.#.._..._.....# #.#.#.#
o#............#### #.#.#..
o####............# #.#.#.. .#
##...####....# #.#.#.. #####
#....# #.#.#.. ###### #.#.#..


You could see 2 orc wizards and 2 orcs.

Vanquished Creatures
  Natasha (D:3)
  5 adders (D:2)
  An ooze (D:1)
  A worm (D:2)
  2 dart slugs (D:1)
  8 bats
  A giant cockroach (D:3)
  13 goblins
  4 hobgoblins
  2 jackals (D:3)
  A quokka (D:2)
  A ball python (D:2)
  2 frilled lizards (D:1)
  5 kobolds
  4 rats
51 creatures vanquished.

Notes
Turn   | Place    | Note
-------+----------+-------------------------------------------
     0 | D:1      | Harpaggios the Merfolk Transmuter began the quest for the Orb.
     0 | D:1      | Reached XP level 1. HP: 15/15 MP: 3/3
   283 | D:1      | Reached XP level 2. HP: 21/21 MP: 5/5
   796 | D:1      | Reached XP level 3. HP: 26/26 MP: 4/6
   800 | D:1      | Learned a level 2 spell: Sticks to Snakes
  1729 | D:2      | Reached XP level 4. HP: 19/33 MP: 7/7
  2482 | D:2      | Found a faded altar of an unknown god.
  2551 | D:2      | Found a stormy altar of Qazlal.
  2557 | D:2      | Became a worshipper of Qazlal Stormbringer
  3015 | D:2      | Found a hazy altar of Hepliaklqana.
  3018 | D:2      | Found a radiant altar of Vehumet.
  3257 | D:3      | Noticed Natasha
  3265 | D:3      | Killed Natasha
  3265 | D:3      | Reached XP level 5. HP: 32/38 MP: 5/8
  3304 | D:3      | Found a basalt altar of Yredelemnul.
  3304 | D:3      | Found a snail-covered altar of Cheibriados.
  3304 | D:3      | Found a sacrificial altar of Ru.
  3306 | D:3      | Found a white marble altar of Elyvilon.
  3306 | D:3      | Found a shimmering altar of Xom.
  3468 | D:3      | Killed from afar by an orc wizard

Skill      XL: |  1  2  3  4 |
---------------+-------------+-----
Dodging        | 3 4 |  4.4
Transmutations | 3 4 |  4.5
Fighting       | 2 |  2.2
Unarmed Combat | |  3.9
Spellcasting   | |  2.0

Action                   |  1- 3 |  4- 6 || total
-------------------------+-------+-------++-------
Melee: Unarmed           |   129 |    75 ||   204
       Headbutt          |     3 |     9 ||    12
       Punch             |       |     2 ||     2
Throw: Stone             |     3 |    17 ||    20
 Cast: Beastly Appendage |     9 |    13 ||    22
       Sticks to Snakes  |       |     2 ||     2
  Eat: Chunk             |     3 |     6 ||     9
Armor: Robe              |    32 |     5 ||    37
Dodge: Dodged            |    91 |    42 ||   133
